 Dungeon Crawl Stone Soup version 0.30.1-4-g462c640d31 (webtiles) character file.

Game seed: 11757715021977964814

162 boopmooplesden the Covered (level 5, -1/48 HPs)
             Began as an Armataur Fighter on Sept 18, 2023.
             Slain by a gnoll
             ... wielding a +0 halberd
              (9 damage)
             ... on level 3 of the Dungeon.
             The game lasted 00:03:17 (2347 turns).

boopmooplesden the Covered (Armataur Fighter)       Turns: 2347, Time: 00:03:18

Health: -1/48      AC: 10    Str: 23    XL:     5   Next: 19%
Magic:  5/5        EV:  7    Int:  9    God:
Gold:   125        SH:  5    Dex: 15    Spells: 4/4 levels left

rFire   . . .        a - +0 flail (elec)
rCold   . . .        c - +0 buckler
rNeg    . . .        b - +0 scale mail
rPois   +            (no helmet)
rElec   .            o - +2 cloak
rCorr   .            (no gloves)
SInv    .            (no barding)
Will    .....        (no amulet) Stlth
                     p - ring of poison resistance
HPRegen 0.28/turn    h - +6 ring of dexterity
MPRegen 0.09/turn

%: roll
@: no status effects
A: large, rugged brown scales 3, deformed body, armoured tail, roll, long
tongue, awkward tongue
a: no special abilities


You were on level 3 of the Dungeon.
You visited 1 branch of the dungeon, and saw 3 of its levels.

You collected 125 gold pieces.

Inventory:

Hand Weapons
 a - a +0 flail of electrocution (weapon)
Missiles
 j - 6 boomerangs (quivered)
Armour
 b - a +0 scale mail (worn)
 c - a +0 buckler (worn)
 g - a +1 cloak
 o - a +2 cloak (worn)
Jewellery
 h - a +6 ring of dexterity (right hand)
 p - a ring of poison resistance (left hand)
Scrolls
 f - a scroll of enchant armour {unknown}
 k - 3 scrolls of identify
Potions
 d - a potion of might
 e - a potion of attraction {unknown}
 i - 2 potions of curing
 l - a potion of mutation {unknown}
 m - 4 potions of heal wounds {unknown}


   Skills:
 + Level 3.3 Fighting
 + Level 3.5 Maces & Flails
 + Level 4.4 Armour
 + Level 0.6 Dodging
 + Level 0.4 Stealth
 + Level 3.7 Shields


You had 4 spell levels left.
You didn't know any spells.
Your spell library contained the following spells:

 Spells                   Type           Power      Damage    Failure   Level
 Apportation              Tloc           0%         N/A       75%         1
 Kiss of Death            Conj/Necr      0%         2d5       75%         1
 Necrotise                Necr           0%         1d4       75%         1
 Summon Small Mammal      Summ           0%         N/A       75%         1
 Confusing Touch          Hex            0%         N/A       98%         3
 Dispel Undead            Necr           0%         3d6       100%        4


Dungeon Overview and Level Annotations

Branches:
Dungeon (3/15)

Altars:

Annotations:
D:3 3 runed translucent doors, Whynot2445's ghost, weakling DsNe


Innate Abilities, Weirdness & Mutations

You are completely covered in rugged brown scales. (AC +3, +7% HP)
Armour fits poorly on your strangely shaped body.
You have a long armoured tail.
You roll when moving toward enemies. (Rampage)
Your long tongue fully drains potion bottles. (2x potion effects)
Your tongue gives you trouble enunciating. (1.5x scroll delay)


Message History

You closely miss the gnoll. The gnoll barely misses you.
The gnoll hits you but does no damage.
You hit the gnoll but do no damage.
The gnoll hits you with a +1 halberd of venom!
The gnoll hits you but does no damage.
You hit the gnoll. Lightning courses through the gnoll!!
You kill the gnoll!
The gnoll throws a throwing net.
You block the throwing net. The gnoll barely misses you.
You have reached level 5!
You roll towards the gnoll!
You sock the gnoll!
Your tail-slap misses the gnoll.
The gnoll is almost dead.
You block the gnoll's attack. The gnoll closely misses you.
You hit the gnoll but do no damage.
The gnoll is almost dead.
The gnoll hits you from afar with a +0 spear.
The gnoll hits you but does no damage.
You sock the gnoll!
You kill the gnoll!
The gnoll hits you but does no damage.
You roll towards the gnoll!
You closely miss the gnoll. The gnoll hits you with a +0 spear.
You block the gnoll's attack.
The gnoll hits you from afar with a +0 halberd!
* * * LOW HITPOINT WARNING * * *
The gnoll completely misses you.
You hit the gnoll but do no damage. You block the gnoll's attack.
The gnoll hits you from afar with a +0 halberd!
* * * LOW HITPOINT WARNING * * *
You thump the gnoll! Lightning courses through the gnoll!
You kill the gnoll!
You block the gnoll's attack.
You roll towards the gnoll!
You barely miss the gnoll. The gnoll barely misses you.
You closely miss the gnoll. You block the gnoll's attack.
The gnoll hits you but does no damage.
You sock the gnoll! You tail-slap the gnoll.
The gnoll is almost dead.
The gnoll hits you with a +0 halberd!
You die...

#......####.##.####.
#.#...## #..##.# #.
#.##### #.###.# #.
#. #.# #.####. #.#
#.#.... #.# #.#.##.
# #.# #.#.##.
#.########.# #......
#.g@))(....# ###.##^
#########..#####.#
#........#
##.####### #.# #.#
#.# #.# #.#


You could see a gnoll.

Vanquished Creatures
  Crazy Yiuf (D:2)
  3 gnolls (D:3)
  2 adders (D:2)
  2 worms (D:2)
  A dart slug (D:3)
  3 orcs (D:3)
  5 ball pythons
  6 endoplasms
  5 giant cockroaches
  11 goblins
  7 hobgoblins
  2 jackals (D:1)
  2 quokkas (D:1)
  6 bats
  2 frilled lizards (D:1)
  5 kobolds
  8 rats
71 creatures vanquished.

Notes
Turn   | Place    | Note
-------+----------+-------------------------------------------
     0 | D:1      | boopmooplesden the Armataur Fighter began the quest for the
                  | Orb.
     0 | D:1      | Reached XP level 1. HP: 19/19 MP: 1/1
   108 | D:1      | Reached XP level 2. HP: 8/26 MP: 2/2
   185 | D:1      | Found a faded altar of an unknown god.
   412 | D:1      | Reached XP level 3. HP: 26/33 MP: 3/3
  1045 | D:1      | Reached skill level 4 in Armour
  1393 | D:2      | Reached XP level 4. HP: 40/40 MP: 4/4
  1419 | D:2      | Found a runed translucent door.
  1420 | D:2      | Noticed Crazy Yiuf
  1428 | D:2      | Killed Crazy Yiuf
  2267 | D:3      | Found a runed translucent gate.
  2267 | D:3      | Found a runed translucent gate.
  2268 | D:3      | Found a runed translucent gate.
  2271 | D:3      | Noticed Whynot2445's ghost (weakling DsNe)
  2339 | D:3      | Reached XP level 5. HP: 32/48 MP: 5/5
  2347 | D:3      | Slain by a gnoll

Illustrated notes

Levels and vault maps discovered:
D:1:      dpeg_arrival_leaves_temple_mockup, layout_basic,
          ebering_ecumenical_altar_webs, serial_aquarium, aquarium_bridge_square
          [aquarium_subvault_balcony, aquarium_subvault_bridge,
          aquarium_subvault_balcony, aquarium_subvault_window],
          aquarium_window_fake, aquarium_window_3, aquarium_window_fake,
          aquarium_window_1, aquarium_view_2c, aquarium_balcony_3a,
          aquarium_pool_four, minmay_heptomino_w4
D:2:      layout_loops_ring, eino_tiny_chamber, uniq_crazy_yiuf_cottage
D:3:      layout_loops_ring, gammafunk_ghost_necromancy

Skill      XL: |  1  2  3  4 |
---------------+-------------+-----
Maces & Flails | 2 3 |  3.5
Fighting       | 3 |  3.3
Armour         | 4 |  4.4
Dodging        | |  0.6
Stealth        | |  0.4
Shields        | |  3.7

Action                     |  1- 3 |  4- 6 || total
---------------------------+-------+-------++-------
  Melee: Flail             |   137 |    62 ||   199
         Tailslap          |    17 |     6 ||    23
    Use: Scroll            |       |     6 ||     6
         Potion            |       |     1 ||     1
 Armour: Scale mail        |    78 |    26 ||   104
  Dodge: Dodged            |    60 |    12 ||    72
  Block: Buckler           |    22 |    18 ||    40
